 Dungeon Crawl Stone Soup version 0.19-a0 (webtiles) character file.

6996 Streef the Blocker (level 10, -8/91 HPs)
             Began as a Minotaur Fighter on Apr 27, 2016.
             Was a Believer of Okawaru.
             Killed from afar by a guardian serpent (22 damage)
             ... with a bolt of poison
             ... on level 10 of the Dungeon on Apr 28, 2016.
             The game lasted 01:26:25 (8498 turns).

Streef the Blocker (Minotaur Fighter)               Turns: 8498, Time: 01:26:25

Health: -8/91      AC: 21    Str: 22    XL:     10   Next: 82%
Magic:  9/9        EV:  8    Int:  5    God:    Okawaru [**....]
Gold:   510        SH: 12    Dex: 12    Spells: 0 memorised, 9 levels left

rFire  . . .     SeeInvis .     F - +2 flail (holy)
rCold  . . .     Gourm    .     R - +4 plate armour
rNeg   . . .     Faith    .     c - +0 shield
rPois  .         Spirit   .     (helmet restricted)
rElec  .         Dismiss  .     M - +1 cloak {MR+}
rCorr  .         Reflect  .     (no gloves)
SustAt +         Harm     .     (no boots)
MR     +....                    P - amulet of rage
Stlth  ..........               b - ring of flight
                                y - ring of sustain attributes

@: lethally poisoned (-8 -> -15), somewhat resistant to hostile enchantments,
extremely unstealthy
A: retaliatory headbutt, horns 2
a: Heroism, Renounce Religion, Evoke Berserk Rage, Evoke Flight


You were on level 10 of the Dungeon.
You worshipped Okawaru.
Okawaru was pleased with you.
You were not hungry.

You visited 2 branches of the dungeon, and saw 11 of its levels.

You collected 510 gold pieces.

Inventory:

Hand Weapons
 a - a +0 war axe
 u - a +3 quarterstaff of chaos
 A - a +0 dagger of holy wrath
 C - a +1 flail of draining
 F - a +2 flail of holy wrath (weapon)
 Q - the +7 longbow "Piercer" {penet, EV-2}
   (You found it on level 9 of the Dungeon)

   Ammo fired by it will pass through the targets it hits, potentially hitting
   all targets in its path until it reaches maximum range.
   It affects your evasion (-2).
Missiles
 k - 174 arrows
 o - 12 tomahawks (quivered)
 J - a throwing net
Armour
 c - a +0 shield (worn)
 l - a +2 robe of magic resistance
 M - a +1 cloak of magic resistance (worn)
 R - a +4 plate armour (worn)
Rods
 s - a +0 rod of clouds (13/13)
   (You found it on level 2 of the Dungeon)
Jewellery
 b - a ring of flight (right hand)
 y - a ring of sustain attributes (left hand)
 z - an uncursed ring of wizardry
 H - an uncursed amulet of the gourmand
 P - an amulet of rage (around neck)
Wands
 e - a wand of acid (7/15)
 p - a wand of flame (33/48)
 v - a wand of teleportation (4/9)
 S - a wand of hasting (6/9)
Scrolls
 g - 4 scrolls of remove curse
 h - a scroll of noise
 j - 3 scrolls of teleportation
 n - a scroll of enchant weapon {unknown}
 q - a scroll of recharging {unknown}
 D - 4 scrolls of immolation
 I - a scroll of blinking {unknown}
 O - a scroll of fear
Potions
 d - a potion of might
 i - 2 potions of berserk rage {unknown}
 t - 2 potions of agility {unknown}
 w - 2 potions of lignification {unknown}
 x - 2 potions of invisibility {unknown}
 G - 3 potions of curing {unknown}
 K - a potion of brilliance {unknown}
 L - a potion of magic {unknown}
 V - a potion of cancellation {unknown}
Books
 N - a book of Cantrips

   Spells                             Type                      Level
   a - Corona                         Hexes                        1
   b - Animate Skeleton               Necromancy                   1
   c - Summon Small Mammal            Summoning                    1
   d - Apportation                    Translocation                1
 T - the Handbook of Summoning and Enchantment
   (You found it on level 9 of the Dungeon)

   Spells                             Type                      Level
   a - Confusing Touch                Hexes                        2
   b - Aura of Abjuration             Summoning                    5
   c - Invisibility                   Hexes                        6
   d - Spellforged Servitor           Conjuration/Summoning        7
Miscellaneous
 U - a plain deck of defence
Comestibles
 f - 5 bread rations
 m - 3 meat rations
 r - 4 slices of pizza
 B - 4 fruits
 E - 6 beef jerkies


   Skills:
 + Level 9.2 Fighting
 + Level 4.3(7.1) Axes
 + Level 8.7(9.2) Maces & Flails
 * Level 0.9 Bows
 + Level 10.2 Armour
 + Level 4.1 Dodging
 + Level 0.5 Stealth
 + Level 11.3 Shields


You had 9 spell levels left.
You didn't know any spells.

Dungeon Overview and Level Annotations

Branches:
Dungeon (10/15)            Temple (1/1) D:6
   Lair: D:8-11         Orc: D:9-12

Altars:
Ashenzari
Cheibriados
Dithmenos
Elyvilon
Fedhas
Gozag
Kikubaaqudgha
Makhleb
Nemelex Xobeh
Okawaru
Pakellas
Qazlal
Ru
Sif Muna
Trog
Vehumet
Xom
Yredelemnul
Zin
The Shining One

Shops:
D:7 (   D:10 (

Annotations:
D:5 skk's ghost, novice DsMo
D:10 eragonby's ghost, novice GrFi


Innate Abilities, Weirdness & Mutations

You reflexively headbutt those who attack you in melee.
You have a pair of horns on your head.


Message History

You feel sick.
You feel sick.
You feel sick.
You feel sick.
You feel sick.
You feel sick.
Eragonby's ghost turns its malevolent gaze towards you.
Found a dagger.
You see here a coppery potion.
V - a coppery potion You feel sick.
The guardian serpent casts a spell.
Eragonby's ghost blinks!
You feel sick.
You feel sick.
The guardian serpent casts a spell at you.
The bolt of poison hits eragonby's ghost.
Eragonby's ghost completely resists.
The bolt of poison hits you!
You are more poisoned.
You die...

#.............# #.#
#...)........## #.#
#............## #.#
#..............# #.#
#.#............# #.#
#.#....###.....# #.# .
#............# #.# #
#.##.###.....######.##.#
#. #.###.###.>@........#
..#..####.#####.####
.......#W#.# #.#
####.S###.###.# #|)#.##
##....######.
#:)+..###.....†......
#??#...#.####.###.##.
#.######.##.## #.#
#........##.# #.#


You could see a guardian serpent and eragonby's ghost.

Vanquished Creatures
  The ghost of MovingMist the Cleaver, a novice DDFi of Makhleb (D:9)
  2 ugly things (D:9)
  A troll (D:9)
  A wyvern (D:8)
  A wraith (D:10)
  7 yaks
  Edmund (D:5)
  2 hell hounds (D:10)
  An orc warrior (D:8)
  2 water moccasins
  3 sky beasts
  2 black bears
  4 ogres
  2 ice beasts
  A necrophage (D:9)
  A centaur (D:7)
  A phantom (D:10)
  Blork the orc (D:5)
  4 giant frogs
  A wyvern skeleton (D:10)
  A scorpion (D:5)
  10 killer bees
  3 wights (D:9)
  A giant frog zombie (D:8)
  2 crimson imps
  4 howler monkeys (D:7)
  3 centaur zombies
  A centaur skeleton (D:4)
  A jelly (D:10)
  Crazy Yiuf (D:2)
  4 hounds
  5 orc wizards
  A giant frog skeleton (D:6)
  6 orc priests
  2 iguanas
  5 worker ants
  A hound zombie (D:8)
  A howler monkey zombie (D:6)
  A worker ant zombie (D:6)
  4 gnolls (D:9)
  9 adders
  2 shadow imps (D:5)
  2 oozes
  An adder skeleton (D:5)
  An adder zombie (D:5)
  3 worms
  2 giant geckos
  21 orcs
  6 bats
  2 giant cockroaches
  3 goblins (D:3)
  7 hobgoblins
  2 jackals (D:3)
  5 kobolds
  7 quokkas
  A ball python (D:1)
  A giant cockroach zombie (D:5)
  A giant gecko skeleton (D:7)
  2 giant newts
  2 quokka skeletons
  A rat (D:1)
177 creatures vanquished.

Notes
Turn   | Place    | Note
--------------------------------------------------------------
     0 | D:1      | Streef the Minotaur Fighter began the quest for the Orb.
     0 | D:1      | Reached XP level 1. HP: 19/19 MP: 0/0
   253 | D:2      | Reached XP level 2. HP: 27/27 MP: 1/1
   500 | D:2      | Reached XP level 3. HP: 16/33 MP: 2/2
   599 | D:2      | Found a shadowy altar of Dithmenos.
   888 | D:2      | Noticed Crazy Yiuf
   893 | D:2      | Killed Crazy Yiuf
   893 | D:2      | Reached skill level 4 in Shields
   901 | D:2      | Identified a +0 rod of clouds (13/13) (You found it on level 2 of the Dungeon)
   997 | D:3      | Reached XP level 4. HP: 39/40 MP: 3/3
  1316 | D:3      | Reached skill level 1 in Dodging
  1464 | D:4      | Reached XP level 5. HP: 38/47 MP: 4/4
  1496 | D:4      | Reached skill level 5 in Armour
  1570 | D:4      | Reached skill level 5 in Shields
  2011 | D:5      | Entered Level 5 of the Dungeon
  2055 | D:5      | Reached XP level 6. HP: 46/53 MP: 5/5
  2177 | D:5      | Found a glowing silver altar of Zin.
  2239 | D:5      | Found a radiant altar of Vehumet.
  2250 | D:5      | Noticed Edmund
  2259 | D:5      | Killed Edmund
  2330 | D:5      | Noticed skk's ghost (novice DsMo)
  2342 | D:5      | Reached skill level 1 in Maces & Flails
  2618 | D:4      | Reached XP level 7. HP: 14/60 MP: 6/6
  2927 | D:5      | Reached skill level 5 in Fighting
  2988 | D:5      | Reached skill level 6 in Shields
  3057 | D:5      | Noticed Blork the orc
  3063 | D:5      | Killed Blork the orc
  3677 | D:6      | Found a staircase to the Ecumenical Temple.
  3710 | Temple   | Entered the Ecumenical Temple
  4217 | D:7      | Found an ancient bone altar of Kikubaaqudgha.
  4250 | D:7      | Reached XP level 8. HP: 53/70 MP: 7/7
  4518 | D:7      | Reached skill level 7 in Shields
  4722 | D:7      | Found Joxt's Weapon Shop.
  5646 | D:8      | Reached skill level 8 in Shields
  5664 | D:8      | Reached skill level 5 in Maces & Flails
  5684 | D:8      | Reached XP level 9. HP: 57/78 MP: 8/8
  6448 | D:8      | Reached skill level 9 in Shields
  6489 | D:8      | Found a sacrificial altar of Ru.
  7015 | D:9      | Noticed a troll
  7021 | D:9      | Killed a troll
  7056 | D:9      | Found an iron altar of Okawaru.
  7063 | D:9      | Found a snail-covered altar of Cheibriados.
  7064 | D:9      | Noticed a purple ugly thing
  7084 | D:9      | Killed a purple ugly thing
  7084 | D:9      | Reached skill level 10 in Shields
  7084 | D:9      | Reached XP level 10. HP: 47/90 MP: 9/9
  7085 | D:9      | Found a bloodstained altar of Trog.
  7113 | D:9      | Became a worshipper of Warmaster Okawaru
  7292 | D:9      | Noticed MovingMist's ghost (novice DDFi)
  7318 | D:9      | Killed MovingMist's ghost
  7318 | D:9      | Reached * piety under Okawaru
  7734 | D:9      | Noticed a purple ugly thing
  7737 | D:9      | Identified the Handbook of Summoning and Enchantment (You found it on level 9 of the Dungeon)
  7744 | D:9      | Killed a purple ugly thing
  7750 | D:9      | Found a sparkling altar of Nemelex Xobeh.
  7948 | D:10     | Entered Level 10 of the Dungeon
  7970 | D:10     | Found Mogirouz's Weapon Boutique.
  7971 | D:10     | Reached skill level 10 in Armour
  7973 | D:10     | Reached skill level 11 in Shields
  8011 | D:10     | Reached ** piety under Okawaru
  8455 | D:10     | Noticed a guardian serpent
  8471 | D:10     | Noticed eragonby's ghost (novice GrFi)
  8498 | D:10     | Killed from afar by a guardian serpent

Vault maps used:
D:1:      elethiomel_arrival_quiet, serial_bayou_lake_a
D:2:      nicolae_dithmenos_through_a_glass_darkly, uniq_crazy_yiuf_cottage
D:3:      minmay_cupped
D:5:      kennysheep_six_static_rooms, lemuel_coloured_pillars_altar,
          first_bread, basic_altar, hangedman_abyss_or_decor_passed,
          uniq_blork_the_orc, uniq_edmund
D:6:      temple_pool_b
D:7:      kiku_gazebo_pond_becter, serial_shops, shop, grunt_ogre_cave,
          grunt_decor_arrowhead, lightli_corner_chamber
D:8:      hangedman_ru_absence, minivault_11, minivault_24, minivault_23,
          hangedman_glass_teeth, grunt_ministairs_12
D:9:      nemelex_deck, minitemple
D:10:     minmay_lair_entry_lava, orc_0_dummy, serial_shops, shop,
          nrook_guardian_serpent_double
Temple:   circular_temple_12

Skill      XL: |  1  2  3  4  5  6  7  8  9 10 |
---------------+-------------------------------+-----
Armour         | 4 5 6 7 9 10 | 10.2
Fighting       | 4 5 6 8 9 |  9.2
Shields        | 4 5 6 8 10 11 | 11.3
Axes           | 3 4 |  4.3
Dodging        | 1 2 3 4 |  4.1
Maces & Flails | 1 3 5 7 8 |  8.7
Bows           | |  0.9
Stealth        | |  0.5

Action                   |  1- 3 |  4- 6 |  7- 9 | 10-12 || total
-------------------------+-------+-------+-------+-------++-------
Melee: War axe           |    79 |    93 |       |       ||   172
       Headbutt          |     9 |    19 |    66 |    32 ||   126
       Flail             |       |    59 |   355 |   141 ||   555
  Use: Scroll            |       |     2 |     8 |     3 ||    13
       Potion            |       |     2 |       |       ||     2
  Eat: Bread ration      |       |     2 |     3 |       ||     5
       Beef jerky        |       |       |       |     2 ||     2
Armor: Scale mail        |     9 |       |       |       ||     9
       Chain mail        |    45 |   121 |   105 |       ||   271
       Plate armour      |       |       |   101 |    70 ||   171
Dodge: Dodged            |    18 |    38 |   111 |    30 ||   197
Block: Shield            |    36 |    90 |   226 |    77 ||   429
